 Dungeon Crawl Stone Soup version 0.29-a0-369-gd956c00756 (webtiles) character file.

Game seed: 18445164643324560856

80 ryw the Skirmisher (level 4, -2/38 HPs)
             Began as a Demonspawn Monk on May 2, 2022.
             Succumbed to a scorpion's poison
             ... on level 3 of the Dungeon.
             The game lasted 00:04:14 (2965 turns).

ryw the Skirmisher (Demonspawn Monk)                Turns: 2965, Time: 00:04:15

Health: -2/38      AC:  2    Str: 11    XL:     4   Next: 18%
Magic:  4/4        EV: 12    Int: 14    God:
Gold:   96         SH:  0    Dex: 15    Spells: 3/3 levels left

rFire   . . .      SeeInvis .   j - +0 trident (protect)
rCold   . . .      Faith    .   (no shield)
rNeg    . . .      Spirit   .   a - +0 robe
rPois   .          Reflect  .   (no helmet)
rElec   .          Harm     .   (no cloak)
rCorr   .          Rampage  .   (no gloves)
Will    .....                   (no boots)
Stlth   ++........              (no amulet)
HPRegen 0.12/turn               (no ring)
MPRegen 0.09/turn               (no ring)

@: lethally poisoned (-2 -> -14), flying
A: demonic guardian 2
a: no special abilities


You were on level 3 of the Dungeon.
You visited 1 branch of the dungeon, and saw 3 of its levels.

You collected 96 gold pieces.

Inventory:

Hand Weapons
 j - a +0 trident of protection (weapon)
 n - a +2 vampiric spear
Armour
 a - a +0 robe (worn)
Jewellery
 i - a +6 ring of dexterity
 k - an amulet of magic regeneration
 o - a ring of fire
Scrolls
 d - a scroll of identify
Potions
 b - 2 potions of ambrosia
 e - a potion of berserk rage {unknown}
 g - a potion of heal wounds {unknown}
 h - a potion of flight
 l - a potion of curing {unknown}
 m - a potion of cancellation {unknown}


   Skills:
 + Level 4.8 Fighting
 + Level 1.0 Polearms
 - Level 2.6 Dodging
 - Level 1.7 Stealth
 - Level 2.6 Unarmed Combat


You had 3 spell levels left.
You didn't know any spells.
Your spell library contained the following spells:

 Spells                   Type           Power      Damage    Failure   Level
 Corpse Rot               Necr/Air       0%         N/A       41%         2
 Poisonous Vapours        Pois/Air       0%         N/A       41%         2


Dungeon Overview and Level Annotations

Branches:
Dungeon (3/15)

Altars:

Shops:
D:1 (!(!!


Innate Abilities, Weirdness & Mutations

A demonic guardian rushes to your aid.


Message History

The scorpion attacks as you move away! The scorpion barely misses you.
The scorpion attacks as you move away! The scorpion stings you.
You are poisoned.
The scorpion poisons you!
You feel very sick. The scorpion barely misses you.
You see here a +0 short sword.
You feel very sick. The scorpion closely misses you.
You feel sick.
You feel sick.
You feel sick.
You feel sick. The scorpion stings you.
A ball python comes into view.
You feel sick.
You feel sick.
You strike the helpless ball python from behind!
You hit the ball python.
Your weapon exudes an aura of protection.
You kill the ball python!
You feel sick.
You are no longer poisoned.
The scorpion stings you but does no damage.
The scorpion stings you.
An adder comes into view.
The scorpion stings you!
* * * LOW HITPOINT WARNING * * *
You are poisoned.
The scorpion poisons you! The scorpion attacks as you move away!
The scorpion stings you.
* * * LOW HITPOINT WARNING * * *
You are more poisoned.
The scorpion poisons you!
* * * LOW HITPOINT WARNING * * *
You feel very sick.
You see here an adder corpse.
It was a potion of flight.
You feel very buoyant.
You fly up into the air.
You die...

#....)#
.###.#...###
#.....# ....>.....#
#####.###.###.##..#
##..##.# #.....#
#....#.# #####.#
#...g#.# #.#
#...h#.# #.#
####.#.#######.#
#.#.hs@.....#
#.g.######### ##..#
#..# #.># ####


You could see a scorpion, a jackal and a hobgoblin.

Vanquished Creatures
  An iguana (D:2)
  2 adders
  3 endoplasms
  3 giant cockroaches
  4 goblins
  3 hobgoblins
  7 ball pythons
  3 bats (D:2)
  3 frilled lizards
  2 kobolds (D:1)
  2 rats
33 creatures vanquished.

Vanquished Creatures (collateral kills)
  A worm (D:2)
  An endoplasm (D:2)
  A goblin (D:2)
3 creatures vanquished.

Grand Total: 36 creatures vanquished

Notes
Turn   | Place    | Note
-------+----------+-------------------------------------------
     0 | D:1      | ryw the Demonspawn Monk began the quest for the Orb.
     0 | D:1      | Reached XP level 1. HP: 18/18 MP: 1/1
   152 | D:1      | Found Selal's Weapon Emporium.
   562 | D:1      | Found Safrunk's Distillery.
   601 | D:1      | Found a faded altar of an unknown god.
   778 | D:1      | Found Foreur's Weapon Shoppe.
   815 | D:1      | Gained mutation: A weak demonic guardian rushes to your
                  | aid. [demonic ancestry]
   815 | D:1      | Reached XP level 2. HP: 24/24 MP: 2/2
   941 | D:1      | Found Ujyotwash's Distillery.
   958 | D:1      | Found Vifafraa's Distillery.
  1952 | D:2      | Reached skill level 4 in Fighting
  1952 | D:2      | Reached XP level 3. HP: 14/31 MP: 3/3
  2768 | D:2      | Gained mutation: A demonic guardian rushes to your aid.
                  | [demonic ancestry]
  2768 | D:2      | Reached XP level 4. HP: 38/38 MP: 4/4
  2919 | D:3      | Reached skill level 1 in Polearms
  2945 | D:3      | Noticed a scorpion
  2964 | D:3      | HP: 1/38 [poisoned by a scorpion]
  2965 | D:3      | Succumbed to a scorpion's poison

Illustrated notes

Levels and vault maps discovered:
D:1:      giann_bridges, layout_basic, ebering_ecumenical_altar_rust,
          serial_shops, nicolae_lakefront_shop, nicolae_shop_hallway_plus,
          nicolae_shop_bloodbath_and_beyond, nicolae_shop_hallway_plus,
          nicolae_diamond_shop
D:2:      layout_loops_ring, minmay_quadrilaterals
D:3:      layout_basic

Skill      XL: |  1  2  3  4 |
---------------+-------------+-----
Fighting       | 4 |  4.8
Polearms       | 1 |  1.0
Dodging        | |  2.6
Stealth        | |  1.7
Unarmed Combat | |  2.6

Action                   |  1- 3 |  4- 6 || total
-------------------------+-------+-------++-------
Melee: Unarmed           |    81 |       ||    81
       Trident           |    44 |     9 ||    53
  Use: Scroll            |       |     2 ||     2
       Potion            |       |     1 ||     1
 Stab: Sleeping          |     4 |       ||     4
       Distracted        |     1 |     1 ||     2
Armor: Robe              |    23 |     5 ||    28
Dodge: Dodged            |    67 |     5 ||    72

Table legend: (Time is in decaauts)
 A = Elapsed time spent in this place.
 B = Non-inter-level travel time spent in this place.
 C = Inter-level travel time spent in this place.
 D = Time resting spent in this place.
 E = Time spent auto-exploring this place.
 F = Levels seen in this place.
 G = Mean time per level.
                   A        B        C        D        E       F      G
               +--------+--------+--------+--------+--------+-----+--------+
         Total |   2976 |   2894 |     82 |    754 |   1683 |   3 |  992.0 |
       Dungeon |   2976 |   2894 |     82 |    754 |   1683 |   3 |  992.0 |
               +--------+--------+--------+--------+--------+-----+--------+

Top non-repeatable levels by time:
     D:1: 1484 daAuts
     D:2: 1421 daAuts
     D:3: 70 daAuts
